Flyers vs Blue Jackets
Created - January 24, 2021 at 19:23
Goals
|
Flyers |
0 |
0 |
3 |
3 |
Blue Jackets |
1 |
2 |
2 |
5 |
|
Shots
|
Flyers |
5 |
14 |
8 |
27 |
Blue Jackets |
11 |
8 |
13 |
32 |
|
1st period
1. Blue Jackets , Martin Havlat 7 (Peter Mueller 14, Max Pacioretty 15) at 3:55 (PP)
Penalties :
Chris Mcallister (Phi) for Elbowing (Minor) at 2:48, Jeff Carter (Phi) for Roughing (Minor) at 12:50
2nd period
2. Blue Jackets , Martin Havlat 8 (Tyler Seguin 26, Artemi Panarin 27) at 1:50
3. Blue Jackets , Peter Mueller 9 (Mike Lundin 14, Rick DiPietro) at 7:43 (PP)
Penalties :
Matt Smaby (Phi) for Hooking (Minor) at 7:08, Artemi Panarin (Clb) for Holding (Minor) at 11:13
3rd period
4. Flyers , Ryan Callahan 7 (Chris Mcallister 16, Oliver Ekman-Larsson 15) at 5:50
5. Flyers , Brock Nelson 5 (Jakub Voracek 25, Jordan Nolan 27) at 8:28
6. Blue Jackets , Eric Wellwood 9 (Mike Lundin 15, Max Pacioretty 16) at 15:59
7. Flyers , Drew Miller 19 (Mats Zuccarello 14, Ryan Callahan 10) at 18:01
8. Blue Jackets , Devin Setoguchi 9 (Artemi Panarin 28, Mike Lundin 16) at 19:18 (Empty Net)
Penalties :
Dalton Prout (Clb) for High sticking (Minor) at 2:08, Jordan Nolan (Phi) for Holding (Minor) at 14:05, Artemi Panarin (Clb) for Holding Stick (Minor) at 14:09
Goalie Stats
Steve Mason (Phi), 27 saves from 31 shots - (0.871), L, 18-11-5, 59:26 minutes
Rick DiPietro (Clb), 24 saves from 27 shots - (0.889), W, 14-16-3, 60:00 minutes
Players Stats for Flyers
Player Name G A P +/- PIM S H SB GA TA FO MP PP MP PK MP
------------------------------------------------------------------------------------
Brian Lashoff 0 0 0 1 0 0 1 1 0 2 0/0 19:11 0:00 2:00
Brock Nelson 1 0 1 1 0 1 0 0 0 0 0/0 14:11 0:00 0:00
Chris Mcallister 0 1 1 1 2 2 0 0 1 1 0/0 8:09 0:00 1:21
Drew Miller 1 0 1 1 0 5 1 0 0 0 0/1 18:24 2:04 2:01
Erik Christensen 0 0 0 0 0 2 1 0 0 0 3/9 13:51 0:00 0:04
J.T. Miller 0 0 0 -3 0 3 0 0 1 0 0/0 19:00 1:58 0:23
Jakub Voracek 0 1 1 0 0 3 2 0 0 1 0/1 17:36 2:04 0:00
Jeff Carter 0 0 0 -2 2 1 2 0 0 2 8/15 18:43 1:58 0:00
Jeff Woywitka 0 0 0 1 0 1 3 2 0 0 0/0 23:33 2:20 1:45
Jonathan Ericsson 0 0 0 -1 0 3 0 1 1 0 0/0 20:17 2:20 1:45
Jordan Nolan 0 1 1 1 2 2 1 0 0 0 15/28 18:07 2:08 1:34
Marcus Kruger 0 0 0 -1 0 0 1 0 0 1 0/2 16:56 1:54 0:00
Mats Zuccarello 0 1 1 1 0 2 2 0 1 0 0/0 13:37 0:00 0:00
Matt Smaby 0 0 0 1 2 0 0 0 0 2 0/0 17:10 0:00 0:00
Matthew Lombardi 0 0 0 1 0 1 1 0 0 0 0/2 8:56 0:00 2:07
Nathan Beaulieu 0 0 0 1 0 0 1 2 0 2 0/0 16:59 1:42 0:00
Oliver Ekman-Larsson 0 1 1 -3 0 0 2 0 1 1 0/0 22:49 1:42 2:00
Ryan Callahan 1 1 2 1 0 1 0 0 0 0 0/0 6:47 0:00 0:00
Players Stats for Blue Jackets
Player Name G A P +/- PIM S H SB GA TA FO MP PP MP PK MP
------------------------------------------------------------------------------------
Andreas Nodl 0 0 0 0 0 0 0 0 0 0 0/1 6:59 0:00 0:00
Artemi Panarin 0 2 2 1 4 4 4 0 2 0 0/1 19:33 2:06 1:10
Brandon Bollig 0 0 0 0 0 0 1 0 0 1 0/0 6:59 0:00 0:00
Branislav Mezei 0 0 0 -2 0 0 0 0 1 0 0/0 14:16 0:00 1:00
Cam Fowler 0 0 0 3 0 4 1 0 0 0 0/0 27:53 2:09 2:28
Cody Eakin 0 0 0 0 0 1 1 0 1 0 0/0 7:41 0:00 0:42
Dalton Prout 0 0 0 -1 2 0 2 2 2 2 0/0 17:53 1:36 0:34
Dennis Wideman 0 0 0 -2 0 1 1 3 0 0 0/0 12:34 0:00 0:00
Devin Setoguchi 1 0 1 1 0 4 0 0 0 0 0/0 16:20 1:47 0:00
Eric Wellwood 1 0 1 -1 0 4 1 2 1 1 1/1 15:19 0:00 1:39
Martin Havlat 2 0 2 0 0 4 1 0 0 0 2/4 17:12 1:38 0:00
Max Pacioretty 0 2 2 1 0 0 0 0 0 0 1/2 17:21 1:35 1:27
Mike Lundin 0 3 3 3 0 0 1 1 2 1 0/0 27:53 2:09 2:28
Pavel Datsyuk 0 0 0 0 0 0 0 3 0 0 1/5 16:09 0:23 0:04
Peter Mueller 1 1 2 -2 0 5 0 0 0 0 9/13 14:58 1:38 0:30
Rob Scuderi 0 0 0 -1 0 1 0 0 0 0 0/0 19:33 1:36 1:34
Tyler Kennedy 0 0 0 -2 0 2 2 0 1 0 0/1 13:33 0:00 0:00
Tyler Seguin 0 1 1 1 0 2 7 1 2 0 18/30 21:54 2:07 2:32
3 Stars
1 - Mike Lundin (Clb)
2 - Martin Havlat (Clb)
3 - Tyler Seguin (Clb)
Power Play
Flyers - 0 on 3 Attempt(s) - 0.00%
Blue Jackets - 2 on 4 Attempt(s) - 50.00%
Penalty Kill
Flyers - 2 on 4 Attempt(s) - 50.00%
- Score 0 goal in Penalty Kill
Blue Jackets - 3 on 3 Attempt(s) - 100.00%
- Score 0 goal in Penalty Kill
Team Stat
Flyers - Hits : 18 - Faceoff Wins : 26 - Blocked Shots : 6 - Penalty Minutes : 8
Blue Jackets - Hits : 22 - Faceoff Wins : 32 - Blocked Shots : 12 - Penalty Minutes : 6
Official
Referees : Unknown
Linesman : Unknown
Game Notes
Devin Setoguchi has scored in a empty net!
Finance
Level 1 -- Attendance: 4805 (80.08%) -- Ticket Income $552,575
Level 2 -- Attendance: 3580 (71.60%) -- Ticket Income $268,500
Level 3 -- Attendance: 1598 (79.90%) -- Ticket Income $71,910
Level 4 -- Attendance: 3519 (87.98%) -- Ticket Income $105,570
Luxury Box -- Attendance: 678 (67.80%) -- Ticket Income $145,770
Game was played at the Ohio State Arena.
Total Attendance: 14180 (78.78%)
Total Ticket Income: $1,144,325
Other Income: $171,649
Total Income: $1,315,974
Flyers
5 vs 5 Forward
Center Left Wing Right Wing Time % Phy DF OF
1 Jeff Carter J.T. Miller Marcus Kruger 33 0 1 4
2 Jordan Nolan Brock Nelson Jakub Voracek 32 0 1 4
3 Erik Christensen Drew Miller Mats Zuccarello 25 0 2 3
4 Matthew Lombardi Chris Mcallister Ryan Callahan 10 0 4 1
5 vs 5 Defense
Defense Defense Time % Phy DF OF
1 Oliver Ekman-Larsson Jonathan Ericsson 30 1 3 1
2 Jeff Woywitka Nathan Beaulieu 30 1 3 1
3 Brian Lashoff Matt Smaby 30 1 3 1
4 Oliver Ekman-Larsson Jeff Woywitka 10 1 3 1
PowerPlay Forward
Center Left Wing Right Wing Time % Phy DF OF
1 Jeff Carter J.T. Miller Marcus Kruger 50 0 1 4
2 Jordan Nolan Drew Miller Jakub Voracek 50 0 1 4
PowerPlay Defense
Defense Defense Time % Phy DF OF
1 Oliver Ekman-Larsson Nathan Beaulieu 50 0 2 3
2 Jonathan Ericsson Jeff Woywitka 50 0 2 3
Penalty Kill 4 Players Forward
Center Wing Time % Phy DF OF
1 Matthew Lombardi Chris Mcallister 50 0 4 1
2 Jordan Nolan Drew Miller 50 0 4 1
Penalty Kill 4 Players Defense
Defense Defense Time % Phy DF OF
1 Oliver Ekman-Larsson Brian Lashoff 50 1 4 0
2 Jeff Woywitka Jonathan Ericsson 50 1 4 0
Penalty Kill - 3 Players Forward
Forward Time % Phy DF OF
1 Matthew Lombardi 50 0 4 1
2 Jordan Nolan 50 0 4 1
Penalty Kill - 3 Players Defense
Defense Defense Time % Phy DF OF
1 Oliver Ekman-Larsson Brian Lashoff 50 1 4 0
2 Jeff Woywitka Jonathan Ericsson 50 1 4 0
4 vs 4 Forward
Center Wing Time % Phy DF OF
1 Jeff Carter J.T. Miller 50 0 2 3
2 Jordan Nolan Jakub Voracek 50 0 2 3
4 vs 4 Defense
Defense Defense Time % Phy DF OF
1 Oliver Ekman-Larsson Nathan Beaulieu 50 1 3 1
2 Jeff Woywitka Jonathan Ericsson 50 1 3 1
Last Minutes Offensive
Center Left Wing Right Wing Defense Defense
Jeff Carter J.T. Miller Jakub Voracek Oliver Ekman-Larsson Jeff Woywitka
Last Minutes Defensive
Center Left Wing Right Wing Defense Defense
Matthew Lombardi Drew Miller Mats Zuccarello Oliver Ekman-Larsson Brian Lashoff
Goaltenders
Starting : Steve Mason
Backup : Ilya Sorokin
Extra Forwards
Normal : Jeff Carter, Jordan Nolan, Drew Miller - PP : Jeff Carter, Jordan Nolan - PK : Drew Miller
Extra Defensemen
Normal : Oliver Ekman-Larsson, Jeff Woywitka, Jonathan Ericsson - PP : Oliver Ekman-Larsson - PK : Oliver Ekman-Larsson, Jeff Woywitka
Penalty Shots
Jeff Carter, Jordan Nolan, J.T. Miller, Marcus Kruger, Jakub Voracek
Scratches
Ray Emery (Healthy)
Blue Jackets
5 vs 5 Forward
Center Left Wing Right Wing Time % Phy DF OF
1 Tyler Seguin Artemi Panarin Martin Havlat 40 1 2 2
2 Pavel Datsyuk Max Pacioretty Devin Setoguchi 27 1 2 2
3 Peter Mueller Eric Wellwood Tyler Kennedy 23 1 2 2
4 Cody Eakin Brandon Bollig Andreas Nodl 10 1 2 2
5 vs 5 Defense
Defense Defense Time % Phy DF OF
1 Cam Fowler Mike Lundin 40 1 2 2
2 Dalton Prout Rob Scuderi 30 1 2 2
3 Branislav Mezei Dennis Wideman 20 1 2 2
4 Cam Fowler Mike Lundin 10 1 2 2
PowerPlay Forward
Center Left Wing Right Wing Time % Phy DF OF
1 Tyler Seguin Artemi Panarin Devin Setoguchi 60 1 2 2
2 Peter Mueller Max Pacioretty Martin Havlat 40 1 2 2
PowerPlay Defense
Defense Defense Time % Phy DF OF
1 Cam Fowler Mike Lundin 60 1 2 2
2 Dalton Prout Rob Scuderi 40 1 2 2
Penalty Kill 4 Players Forward
Center Wing Time % Phy DF OF
1 Tyler Seguin Artemi Panarin 60 1 2 2
2 Max Pacioretty Peter Mueller 40 1 2 2
Penalty Kill 4 Players Defense
Defense Defense Time % Phy DF OF
1 Cam Fowler Mike Lundin 60 1 2 2
2 Dalton Prout Rob Scuderi 40 1 2 2
Penalty Kill - 3 Players Forward
Forward Time % Phy DF OF
1 Tyler Seguin 60 1 2 2
2 Artemi Panarin 40 1 2 2
Penalty Kill - 3 Players Defense
Defense Defense Time % Phy DF OF
1 Cam Fowler Mike Lundin 60 1 2 2
2 Dalton Prout Rob Scuderi 40 1 2 2
4 vs 4 Forward
Center Wing Time % Phy DF OF
1 Tyler Seguin Artemi Panarin 60 1 2 2
2 Max Pacioretty Peter Mueller 40 1 2 2
4 vs 4 Defense
Defense Defense Time % Phy DF OF
1 Cam Fowler Mike Lundin 60 1 2 2
2 Dalton Prout Rob Scuderi 40 1 2 2
Last Minutes Offensive
Center Left Wing Right Wing Defense Defense
Tyler Seguin Artemi Panarin Devin Setoguchi Cam Fowler Mike Lundin
Last Minutes Defensive
Center Left Wing Right Wing Defense Defense
Tyler Seguin Artemi Panarin Devin Setoguchi Cam Fowler Mike Lundin
Goaltenders
Starting : Rick DiPietro
Backup : Andrei Vasilevskiy
Extra Forwards
Normal : Pavel Datsyuk, Tyler Kennedy, Eric Wellwood - PP : Pavel Datsyuk, Tyler Kennedy - PK : Eric Wellwood
Extra Defensemen
Normal : Branislav Mezei, Mike Lundin, Dalton Prout - PP : Branislav Mezei - PK : Cam Fowler, Dalton Prout
Penalty Shots
Tyler Seguin, Artemi Panarin, Max Pacioretty, Peter Mueller, Devin Setoguchi
Scratches
Ryan Wilson (Healthy)
% Time on Ice - Flyers
Lines # - Real PCT - Wanted PCT - Time Play
Normal Forward
1 - 31% - 33% - 15:19
2 - 28% - 32% - 14:11
3 - 27% - 25% - 13:37
4 - 14% - 10% - 6:47
Normal Defense
1 - 29% - 30% - 14:27
2 - 30% - 30% - 14:59
3 - 34% - 30% - 17:11
4 - 7% - 10% - 3:17
PP Forward
1 - 49% - 50% - 1:58
2 - 51% - 50% - 2:04
PP Defense
1 - 42% - 50% - 1:42
2 - 58% - 50% - 2:20
PK Forward
1 - 56% - 50% - 2:07
2 - 44% - 50% - 1:38
PK Defense
1 - 53% - 50% - 2:00
2 - 47% - 50% - 1:45
PK3 Forward
1 - 0% - 50%
2 - 0% - 50%
PK3 Defense
1 - 0% - 50%
2 - 0% - 50%
44 Forward
1 - 42% - 50% - 0:48
2 - 58% - 50% - 1:07
44 Defense
1 - 51% - 50% - 0:59
2 - 49% - 50% - 0:56
Last Minute Offensive - 0:24
Last Minute Defensive - 0:00
Total
Forward - 60:00
Defense - 60:00
|
% Time on Ice - Blue Jackets
Lines # - Real PCT - Wanted PCT - Time Play
Normal Forward
1 - 32% - 40% - 15:56
2 - 28% - 27% - 14:09
3 - 26% - 23% - 12:49
4 - 14% - 10% - 6:59
Normal Defense
1 - 40% - 40% - 19:57
2 - 31% - 30% - 15:40
3 - 25% - 20% - 12:34
4 - 3% - 10% - 1:42
PP Forward
1 - 56% - 60% - 2:07
2 - 44% - 40% - 1:38
PP Defense
1 - 57% - 60% - 2:09
2 - 43% - 40% - 1:36
PK Forward
1 - 88% - 60% - 3:32
2 - 12% - 40% - 0:30
PK Defense
1 - 61% - 60% - 2:28
2 - 39% - 40% - 1:34
PK3 Forward
1 - 0% - 60%
2 - 0% - 40%
PK3 Defense
1 - 0% - 60%
2 - 0% - 40%
44 Forward
1 - 100% - 60% - 1:55
2 - 0% - 40% - 0:00
44 Defense
1 - 63% - 60% - 1:12
2 - 37% - 40% - 0:43
Last Minute Offensive - 0:00
Last Minute Defensive - 0:25
Total
Forward - 60:00
Defense - 60:00
|
Play-by-Play
1st period
0:01 of 1st period - Jeff Carter wins face-off versus Martin Havlat in neutral zone.
0:38 of 1st period - Snap shot by Tyler Seguin.
0:38 of 1st period - Shot Blocked by Jonathan Ericsson.
1:34 of 1st period - Jeff Woywitka is hit by Brandon Bollig and loses puck.
2:20 of 1st period - Matt Smaby is hit by Artemi Panarin and loses puck.
2:48 of 1st period - Minor Penalty to Chris Mcallister for Elbowing.
2:49 of 1st period - Tyler Seguin wins face-off versus Matthew Lombardi in Flyers zone.
3:21 of 1st period - Slapshot by Peter Mueller.
3:21 of 1st period - Stopped by Steve Mason without a rebound.
3:22 of 1st period - Tyler Seguin wins face-off versus Jordan Nolan in Flyers zone.
3:39 of 1st period - Matthew Lombardi is hit by Tyler Seguin.
3:55 of 1st period - Slapshot by Martin Havlat.
3:55 of 1st period - Goal by Martin Havlat - Flyers : 0 - Blue Jackets : 1.
3:56 of 1st period - Tyler Seguin wins face-off versus Jeff Carter in neutral zone.
3:59 of 1st period - Nathan Beaulieu is hit by Tyler Seguin and loses puck.
4:12 of 1st period - Snap shot by Tyler Seguin.
4:12 of 1st period - Deflect By Artemi Panarin.
4:12 of 1st period - Shot Blocked by Jeff Woywitka.
4:12 of 1st period - Puck is out of play.
4:13 of 1st period - Peter Mueller wins face-off versus Jakub Voracek in Flyers zone.
4:14 of 1st period - Slapshot by Cam Fowler.
4:14 of 1st period - Stopped by Steve Mason with a rebound.
4:16 of 1st period - Slapshot by Mike Lundin.
4:16 of 1st period - Deflect By Eric Wellwood.
4:16 of 1st period - Shot Misses the Net.
4:16 of 1st period - Puck is out of play.
4:17 of 1st period - Jordan Nolan wins face-off versus Peter Mueller in Flyers zone.
4:50 of 1st period - Wrist shot by Artemi Panarin.
4:50 of 1st period - Stopped by Steve Mason with a rebound.
5:06 of 1st period - Devin Setoguchi is hit by Erik Christensen and loses puck.
5:33 of 1st period - Snap shot by Chris Mcallister.
5:33 of 1st period - Shot Misses the Net.
6:14 of 1st period - Snap shot by Artemi Panarin.
6:14 of 1st period - Stopped by Steve Mason with a rebound.
6:26 of 1st period - Icing by Rob Scuderi.
6:27 of 1st period - Erik Christensen wins face-off versus Max Pacioretty in Blue Jackets zone.
6:42 of 1st period - Snap shot by Devin Setoguchi.
6:42 of 1st period - Stopped by Steve Mason without a rebound.
6:43 of 1st period - Tyler Seguin wins face-off versus Jordan Nolan in Flyers zone.
7:21 of 1st period - Wrist shot by J.T. Miller.
7:21 of 1st period - Shot Blocked by Dalton Prout.
7:23 of 1st period - Slapshot by Jeff Woywitka.
7:23 of 1st period - Shot Misses the Net.
7:37 of 1st period - Slapshot by Peter Mueller.
7:37 of 1st period - Stopped by Steve Mason without a rebound.
7:38 of 1st period - Peter Mueller wins face-off versus Jordan Nolan in Flyers zone.
7:39 of 1st period - Wrist shot by Eric Wellwood.
7:39 of 1st period - Stopped by Steve Mason without a rebound.
7:40 of 1st period - Tyler Seguin wins face-off versus Jordan Nolan in Flyers zone.
7:41 of 1st period - Slapshot by Artemi Panarin.
7:41 of 1st period - Shot Misses the Net.
8:32 of 1st period - Snap shot by Drew Miller.
8:32 of 1st period - Deflect By Erik Christensen.
8:32 of 1st period - Shot Blocked by Dennis Wideman.
8:32 of 1st period - Puck is out of play.
8:33 of 1st period - Jordan Nolan wins face-off versus Pavel Datsyuk in Blue Jackets zone.
8:48 of 1st period - Wrist shot by Jordan Nolan.
8:48 of 1st period - Stopped by Rick DiPietro with a rebound.
9:00 of 1st period - Jeff Carter is hit by Tyler Seguin and loses puck.
10:47 of 1st period - Snap shot by Andreas Nodl.
10:47 of 1st period - Shot Misses the Net.
11:36 of 1st period - Pavel Datsyuk is hit by Jakub Voracek and loses puck.
11:43 of 1st period - Snap shot by Jordan Nolan.
11:43 of 1st period - Shot Blocked by Pavel Datsyuk.
11:45 of 1st period - Snap shot by Nathan Beaulieu.
11:45 of 1st period - Shot Misses the Net.
11:47 of 1st period - Snap shot by Jordan Nolan.
11:47 of 1st period - Shot Misses the Net.
11:57 of 1st period - Max Pacioretty is hit by Jeff Woywitka and loses puck.
12:04 of 1st period - Snap shot by Drew Miller.
12:04 of 1st period - Shot Blocked by Dalton Prout.
12:06 of 1st period - Slapshot by Brian Lashoff.
12:06 of 1st period - Shot Misses the Net.
12:24 of 1st period - Slapshot by Chris Mcallister.
12:24 of 1st period - Shot Misses the Net.
12:26 of 1st period - Snap shot by Matthew Lombardi.
12:26 of 1st period - Shot Misses the Net.
12:50 of 1st period - Minor Penalty to Jeff Carter for Roughing.
12:51 of 1st period - Jordan Nolan wins face-off versus Tyler Seguin in Flyers zone.
14:24 of 1st period - Martin Havlat is hit by Drew Miller.
14:25 of 1st period - Icing by Martin Havlat.
14:26 of 1st period - Peter Mueller wins face-off versus Jordan Nolan in Blue Jackets zone.
14:50 of 1st period - Penalty to Jeff Carter is over, Jeff Carter is back on ice.
15:21 of 1st period - Snap shot by Jonathan Ericsson.
15:21 of 1st period - Shot Misses the Net.
15:55 of 1st period - Off-side.
15:56 of 1st period - Jeff Carter wins face-off versus Andreas Nodl in neutral zone.
16:23 of 1st period - Brian Lashoff is hit by Artemi Panarin and loses puck.
16:44 of 1st period - Snap shot by Devin Setoguchi.
16:44 of 1st period - Stopped by Steve Mason without a rebound.
16:45 of 1st period - Jordan Nolan wins face-off versus Pavel Datsyuk in Flyers zone.
16:45 of 1st period - Jordan Nolan is hit by Cam Fowler.
17:18 of 1st period - Slapshot by Jeff Carter.
17:18 of 1st period - Shot Misses the Net.
17:20 of 1st period - Slapshot by Jonathan Ericsson.
17:20 of 1st period - Stopped by Rick DiPietro without a rebound.
17:21 of 1st period - Tyler Seguin wins face-off versus Jeff Carter in Blue Jackets zone.
17:21 of 1st period - Tyler Seguin is hit by Marcus Kruger.
17:31 of 1st period - Branislav Mezei is hit by Nathan Beaulieu and loses puck.
17:48 of 1st period - Snap shot by Peter Mueller.
17:48 of 1st period - Shot Misses the Net.
17:50 of 1st period - Slapshot by Dennis Wideman.
17:50 of 1st period - Stopped by Steve Mason with a rebound.
18:15 of 1st period - Backhand shot by Drew Miller.
18:15 of 1st period - Stopped by Rick DiPietro with a rebound.
18:17 of 1st period - Backhand shot by Jeff Woywitka.
18:17 of 1st period - Stopped by Rick DiPietro with a rebound.
18:25 of 1st period - Snap shot by Erik Christensen.
18:25 of 1st period - Stopped by Rick DiPietro with a rebound.
18:27 of 1st period - Slapshot by Jeff Woywitka.
18:27 of 1st period - Shot Blocked by Pavel Datsyuk.
19:21 of 1st period - Snap shot by Eric Wellwood.
19:21 of 1st period - Deflect By Peter Mueller.
19:21 of 1st period - Stopped by Steve Mason with a rebound.
19:43 of 1st period - Snap shot by Mats Zuccarello.
19:43 of 1st period - Shot Misses the Net.
19:57 of 1st period - Snap shot by Max Pacioretty.
19:57 of 1st period - Shot Misses the Net.
19:59 of 1st period - Wrist shot by Devin Setoguchi.
19:59 of 1st period - Shot Misses the Net.
Goals for this period are 0 for Flyers vs 1 for Blue Jackets.
Shots for this period are 5 for Flyers vs 11 for Blue Jackets.
2nd period
0:01 of 2nd period - Jordan Nolan wins face-off versus Martin Havlat in neutral zone.
0:08 of 2nd period - Snap shot by Jordan Nolan.
0:08 of 2nd period - Stopped by Rick DiPietro with a rebound.
0:10 of 2nd period - Snap shot by Jordan Nolan.
0:10 of 2nd period - Deflect By Mike Lundin.
0:10 of 2nd period - Shot Misses the Net.
0:10 of 2nd period - Puck is out of play.
0:11 of 2nd period - Jordan Nolan wins face-off versus Tyler Seguin in Blue Jackets zone.
0:18 of 2nd period - Wrist shot by Jordan Nolan.
0:18 of 2nd period - Deflect By Jakub Voracek.
0:18 of 2nd period - Stopped by Rick DiPietro without a rebound.
0:19 of 2nd period - Martin Havlat wins face-off versus Jordan Nolan in Blue Jackets zone.
0:32 of 2nd period - Snap shot by Jakub Voracek.
0:32 of 2nd period - Stopped by Rick DiPietro without a rebound.
0:33 of 2nd period - Jeff Carter wins face-off versus Tyler Seguin in Blue Jackets zone.
0:46 of 2nd period - Wrist shot by Jeff Carter.
0:46 of 2nd period - Deflect By J.T. Miller.
0:46 of 2nd period - Stopped by Rick DiPietro with a rebound.
0:48 of 2nd period - Slapshot by Jonathan Ericsson.
0:48 of 2nd period - Stopped by Rick DiPietro with a rebound.
0:50 of 2nd period - Slapshot by J.T. Miller.
0:50 of 2nd period - Stopped by Rick DiPietro without a rebound.
0:51 of 2nd period - Peter Mueller wins face-off versus Jordan Nolan in Blue Jackets zone.
1:08 of 2nd period - Slapshot by Mike Lundin.
1:08 of 2nd period - Shot Misses the Net.
1:22 of 2nd period - Off-side.
1:23 of 2nd period - Max Pacioretty wins face-off versus Jeff Carter in neutral zone.
1:32 of 2nd period - Wrist shot by Devin Setoguchi.
1:32 of 2nd period - Stopped by Steve Mason with a rebound.
1:34 of 2nd period - Snap shot by Max Pacioretty.
1:34 of 2nd period - Deflect By Pavel Datsyuk.
1:34 of 2nd period - Shot Blocked by Brian Lashoff.
1:34 of 2nd period - Puck is out of play.
1:35 of 2nd period - Tyler Seguin wins face-off versus Jeff Carter in Flyers zone.
1:50 of 2nd period - Slapshot by Tyler Seguin.
1:50 of 2nd period - Deflect By Martin Havlat.
1:50 of 2nd period - Goal by Martin Havlat - Flyers : 0 - Blue Jackets : 2.
1:51 of 2nd period - Tyler Seguin wins face-off versus Erik Christensen in neutral zone.
1:54 of 2nd period - Slapshot by Mike Lundin.
1:54 of 2nd period - Shot Misses the Net.
2:08 of 2nd period - Wrist shot by Martin Havlat.
2:08 of 2nd period - Stopped by Steve Mason without a rebound.
2:09 of 2nd period - Peter Mueller wins face-off versus Jeff Carter in Flyers zone.
2:14 of 2nd period - Snap shot by Eric Wellwood.
2:14 of 2nd period - Deflect By Peter Mueller.
2:14 of 2nd period - Shot Blocked by Nathan Beaulieu.
2:14 of 2nd period - Puck is out of play.
2:15 of 2nd period - Peter Mueller wins face-off versus Jeff Carter in Flyers zone.
2:30 of 2nd period - Wrist shot by Eric Wellwood.
2:30 of 2nd period - Shot Misses the Net.
2:44 of 2nd period - Cam Fowler is hit by Jakub Voracek and loses puck.
3:27 of 2nd period - Dalton Prout is hit by Matthew Lombardi and loses puck.
3:50 of 2nd period - Snap shot by Peter Mueller.
3:50 of 2nd period - Stopped by Steve Mason without a rebound.
3:51 of 2nd period - Jordan Nolan wins face-off versus Peter Mueller in Flyers zone.
4:38 of 2nd period - Off-side.
4:39 of 2nd period - Pavel Datsyuk wins face-off versus Erik Christensen in neutral zone.
5:06 of 2nd period - Brian Lashoff is hit by Dalton Prout and loses puck.
5:37 of 2nd period - Wrist shot by Martin Havlat.
5:37 of 2nd period - Shot Misses the Net.
5:51 of 2nd period - Slapshot by Nathan Beaulieu.
5:51 of 2nd period - Shot Blocked by Pavel Datsyuk.
6:09 of 2nd period - Snap shot by Mats Zuccarello.
6:09 of 2nd period - Shot Misses the Net.
6:11 of 2nd period - Snap shot by Erik Christensen.
6:11 of 2nd period - Stopped by Rick DiPietro with a rebound.
6:13 of 2nd period - Snap shot by Drew Miller.
6:13 of 2nd period - Stopped by Rick DiPietro without a rebound.
6:14 of 2nd period - Jordan Nolan wins face-off versus Tyler Seguin in Blue Jackets zone.
6:17 of 2nd period - Wrist shot by Brock Nelson.
6:17 of 2nd period - Shot Blocked by Dennis Wideman.
7:08 of 2nd period - Minor Penalty to Matt Smaby for Hooking.
7:09 of 2nd period - Tyler Seguin wins face-off versus Matthew Lombardi in Flyers zone.
7:43 of 2nd period - Slapshot by Mike Lundin.
7:43 of 2nd period - Deflect By Peter Mueller.
7:43 of 2nd period - Goal by Peter Mueller - Flyers : 0 - Blue Jackets : 3.
7:44 of 2nd period - Jordan Nolan wins face-off versus Tyler Seguin in neutral zone.
7:57 of 2nd period - Jeff Woywitka is hit by Tyler Seguin and loses puck.
8:10 of 2nd period - Cam Fowler is hit by Jeff Woywitka and loses puck.
8:35 of 2nd period - Wrist shot by Drew Miller.
8:35 of 2nd period - Stopped by Rick DiPietro without a rebound.
8:36 of 2nd period - Peter Mueller wins face-off versus Drew Miller in Blue Jackets zone.
8:47 of 2nd period - Slapshot by Peter Mueller.
8:47 of 2nd period - Deflect By Eric Wellwood.
8:47 of 2nd period - Stopped by Steve Mason with a rebound.
8:57 of 2nd period - Wrist shot by Mats Zuccarello.
8:57 of 2nd period - Shot Misses the Net.
9:23 of 2nd period - Peter Mueller is hit by Mats Zuccarello and loses puck.
10:00 of 2nd period - Wrist shot by Mats Zuccarello.
10:00 of 2nd period - Deflect By Peter Mueller.
10:00 of 2nd period - Stopped by Rick DiPietro without a rebound.
10:01 of 2nd period - Jordan Nolan wins face-off versus Tyler Seguin in Blue Jackets zone.
10:36 of 2nd period - Slapshot by Jeff Carter.
10:36 of 2nd period - Stopped by Rick DiPietro without a rebound.
10:37 of 2nd period - Jeff Carter wins face-off versus Pavel Datsyuk in Blue Jackets zone.
10:58 of 2nd period - Snap shot by Jeff Carter.
10:58 of 2nd period - Shot Blocked by Dennis Wideman.
11:00 of 2nd period - Slapshot by Jeff Carter.
11:00 of 2nd period - Shot Misses the Net.
11:02 of 2nd period - Snap shot by Jeff Carter.
11:02 of 2nd period - Shot Misses the Net.
11:04 of 2nd period - Slapshot by Jonathan Ericsson.
11:04 of 2nd period - Stopped by Rick DiPietro with a rebound.
11:06 of 2nd period - Snap shot by Jeff Carter.
11:06 of 2nd period - Deflect By J.T. Miller.
11:06 of 2nd period - Shot Misses the Net.
11:06 of 2nd period - Puck is out of play.
11:07 of 2nd period - Jordan Nolan wins face-off versus Tyler Seguin in Blue Jackets zone.
11:13 of 2nd period - Minor Penalty to Artemi Panarin for Holding.
11:14 of 2nd period - Tyler Seguin wins face-off versus Marcus Kruger in Blue Jackets zone.
11:28 of 2nd period - Snap shot by J.T. Miller.
11:28 of 2nd period - Stopped by Rick DiPietro without a rebound.
11:29 of 2nd period - Tyler Seguin wins face-off versus Jordan Nolan in Blue Jackets zone.
11:36 of 2nd period - Slapshot by Cam Fowler.
11:36 of 2nd period - Shot Hit the Post.
11:44 of 2nd period - Wrist shot by Eric Wellwood.
11:44 of 2nd period - Stopped by Steve Mason without a rebound.
11:45 of 2nd period - Tyler Seguin wins face-off versus Jeff Carter in Flyers zone.
13:13 of 2nd period - Penalty to Artemi Panarin is over, Artemi Panarin is back on ice.
13:44 of 2nd period - Eric Wellwood is hit by Mats Zuccarello and loses puck.
14:00 of 2nd period - Jakub Voracek is hit by Cody Eakin and loses puck.
14:29 of 2nd period - Snap shot by Cody Eakin.
14:29 of 2nd period - Stopped by Steve Mason without a rebound.
14:30 of 2nd period - Tyler Seguin wins face-off versus Marcus Kruger in Flyers zone.
14:49 of 2nd period - Artemi Panarin is hit by Oliver Ekman-Larsson and loses puck.
16:25 of 2nd period - Pavel Datsyuk is hit by Oliver Ekman-Larsson and loses puck.
16:40 of 2nd period - Snap shot by Mats Zuccarello.
16:40 of 2nd period - Stopped by Rick DiPietro with a rebound.
16:42 of 2nd period - Slapshot by Oliver Ekman-Larsson.
16:42 of 2nd period - Shot Misses the Net.
17:04 of 2nd period - Wrist shot by Devin Setoguchi.
17:04 of 2nd period - Shot Misses the Net.
17:06 of 2nd period - Slapshot by Dennis Wideman.
17:06 of 2nd period - Shot Blocked by Nathan Beaulieu.
18:50 of 2nd period - Peter Mueller is hit by Brian Lashoff and loses puck.
18:57 of 2nd period - Marcus Kruger is hit by Tyler Kennedy and loses puck.
19:10 of 2nd period - Matt Smaby is hit by Mike Lundin and loses puck.
19:48 of 2nd period - Wrist shot by Marcus Kruger.
19:48 of 2nd period - Shot Misses the Net.
Goals for this period are 0 for Flyers vs 2 for Blue Jackets.
Shots for this period are 14 for Flyers vs 8 for Blue Jackets.
3rd period
0:01 of 3rd period - Jordan Nolan wins face-off versus Artemi Panarin in neutral zone.
0:01 of 3rd period - Oliver Ekman-Larsson is hit by Tyler Seguin and loses puck.
0:54 of 3rd period - Mats Zuccarello is hit by Tyler Kennedy and loses puck.
0:59 of 3rd period - Snap shot by Tyler Kennedy.
0:59 of 3rd period - Stopped by Steve Mason without a rebound.
1:00 of 3rd period - Jordan Nolan wins face-off versus Tyler Seguin in Flyers zone.
1:00 of 3rd period - Jordan Nolan is hit by Artemi Panarin.
1:35 of 3rd period - Slapshot by Cam Fowler.
1:35 of 3rd period - Stopped by Steve Mason with a rebound.
1:47 of 3rd period - Snap shot by Tyler Kennedy.
1:47 of 3rd period - Shot Misses the Net.
1:49 of 3rd period - Slapshot by Cam Fowler.
1:49 of 3rd period - Stopped by Steve Mason with a rebound.
1:55 of 3rd period - Slapshot by Tyler Kennedy.
1:55 of 3rd period - Stopped by Steve Mason with a rebound.
1:57 of 3rd period - Snap shot by Peter Mueller.
1:57 of 3rd period - Shot Misses the Net.
2:08 of 3rd period - Minor Penalty to Dalton Prout for High sticking.
2:09 of 3rd period - Tyler Seguin wins face-off versus Jordan Nolan in Blue Jackets zone.
2:13 of 3rd period - Jordan Nolan is hit by Tyler Seguin and loses puck.
3:01 of 3rd period - Icing by Jeff Woywitka.
3:02 of 3rd period - Tyler Seguin wins face-off versus Jordan Nolan in Flyers zone.
4:08 of 3rd period - Penalty to Dalton Prout is over, Dalton Prout is back on ice.
4:56 of 3rd period - Wrist shot by Marcus Kruger.
4:56 of 3rd period - Shot Blocked by Eric Wellwood.
4:58 of 3rd period - Slapshot by Matt Smaby.
4:58 of 3rd period - Shot Blocked by Mike Lundin.
5:00 of 3rd period - Slapshot by Brian Lashoff.
5:00 of 3rd period - Shot Misses the Net.
5:02 of 3rd period - Slapshot by Brian Lashoff.
5:02 of 3rd period - Deflect By Marcus Kruger.
5:02 of 3rd period - Shot Blocked by Eric Wellwood.
5:02 of 3rd period - Puck is out of play.
5:03 of 3rd period - Tyler Seguin wins face-off versus Jordan Nolan in Blue Jackets zone.
5:16 of 3rd period - Wrist shot by Artemi Panarin.
5:16 of 3rd period - Stopped by Steve Mason with a rebound.
5:18 of 3rd period - Snap shot by Mike Lundin.
5:18 of 3rd period - Deflect By Artemi Panarin.
5:18 of 3rd period - Stopped by Steve Mason with a rebound.
5:28 of 3rd period - Cam Fowler is hit by Jeff Carter and loses puck.
5:50 of 3rd period - Snap shot by Ryan Callahan.
5:50 of 3rd period - Goal by Ryan Callahan - Flyers : 1 - Blue Jackets : 3.
5:51 of 3rd period - Jordan Nolan wins face-off versus Tyler Seguin in neutral zone.
6:04 of 3rd period - Jordan Nolan is hit by Tyler Seguin and loses puck.
6:24 of 3rd period - Max Pacioretty is hit by Jeff Carter and loses puck.
6:47 of 3rd period - Slapshot by Chris Mcallister.
6:47 of 3rd period - Stopped by Rick DiPietro with a rebound.
6:49 of 3rd period - Backhand shot by Chris Mcallister.
6:49 of 3rd period - Stopped by Rick DiPietro without a rebound.
6:50 of 3rd period - Jordan Nolan wins face-off versus Tyler Seguin in Blue Jackets zone.
7:01 of 3rd period - Wrist shot by Jordan Nolan.
7:01 of 3rd period - Shot Misses the Net.
7:03 of 3rd period - Wrist shot by Jordan Nolan.
7:03 of 3rd period - Shot Blocked by Tyler Seguin.
7:38 of 3rd period - Snap shot by Drew Miller.
7:38 of 3rd period - Stopped by Rick DiPietro with a rebound.
8:28 of 3rd period - Snap shot by Brock Nelson.
8:28 of 3rd period - Goal by Brock Nelson - Flyers : 2 - Blue Jackets : 3.
8:29 of 3rd period - Martin Havlat wins face-off versus Jordan Nolan in neutral zone.
8:32 of 3rd period - Snap shot by Tyler Seguin.
8:32 of 3rd period - Stopped by Steve Mason with a rebound.
8:34 of 3rd period - Snap shot by Martin Havlat.
8:34 of 3rd period - Stopped by Steve Mason with a rebound.
8:36 of 3rd period - Wrist shot by Martin Havlat.
8:36 of 3rd period - Shot Blocked by Jeff Woywitka.
9:32 of 3rd period - Slapshot by Rob Scuderi.
9:32 of 3rd period - Stopped by Steve Mason with a rebound.
9:50 of 3rd period - Slapshot by Ryan Callahan.
9:50 of 3rd period - Shot Misses the Net.
10:06 of 3rd period - Mike Lundin is hit by Jordan Nolan.
10:54 of 3rd period - Jonathan Ericsson is hit by Dennis Wideman and loses puck.
11:11 of 3rd period - Snap shot by Chris Mcallister.
11:11 of 3rd period - Shot Misses the Net.
11:13 of 3rd period - Snap shot by Matthew Lombardi.
11:13 of 3rd period - Stopped by Rick DiPietro with a rebound.
11:15 of 3rd period - Wrist shot by Matthew Lombardi.
11:15 of 3rd period - Shot Misses the Net.
11:41 of 3rd period - Brandon Bollig is hit by Jeff Woywitka and loses puck.
12:38 of 3rd period - Brian Lashoff is hit by Dalton Prout and loses puck.
13:45 of 3rd period - Mats Zuccarello is hit by Martin Havlat.
13:48 of 3rd period - Off-side.
13:49 of 3rd period - Tyler Seguin wins face-off versus Jordan Nolan in neutral zone.
14:05 of 3rd period - Minor Penalty to Jordan Nolan for Holding.
14:06 of 3rd period - Tyler Seguin wins face-off versus Erik Christensen in Flyers zone.
14:09 of 3rd period - Minor Penalty to Artemi Panarin for Holding Stick.
14:10 of 3rd period - Jeff Carter wins face-off versus Tyler Seguin in Blue Jackets zone.
14:38 of 3rd period - Wrist shot by Tyler Kennedy.
14:38 of 3rd period - Shot Misses the Net.
15:01 of 3rd period - Icing by Rob Scuderi.
15:02 of 3rd period - Jeff Carter wins face-off versus Tyler Kennedy in Blue Jackets zone.
15:21 of 3rd period - Snap shot by Tyler Seguin.
15:21 of 3rd period - Shot Misses the Net.
15:33 of 3rd period - Snap shot by Jakub Voracek.
15:33 of 3rd period - Shot Misses the Net.
15:57 of 3rd period - Slapshot by Mike Lundin.
15:57 of 3rd period - Shot Misses the Net.
15:59 of 3rd period - Snap shot by Eric Wellwood.
15:59 of 3rd period - Goal by Eric Wellwood - Flyers : 2 - Blue Jackets : 4.
16:00 of 3rd period - Jeff Carter wins face-off versus Pavel Datsyuk in neutral zone.
16:05 of 3rd period - Penalty to Jordan Nolan is over, Jordan Nolan is back on ice.
16:05 of 3rd period - Snap shot by Jonathan Ericsson.
16:05 of 3rd period - Shot Misses the Net.
16:09 of 3rd period - Penalty to Artemi Panarin is over, Artemi Panarin is back on ice.
16:23 of 3rd period - Snap shot by Tyler Seguin.
16:23 of 3rd period - Stopped by Steve Mason without a rebound.
16:24 of 3rd period - Erik Christensen wins face-off versus Peter Mueller in Flyers zone.
18:01 of 3rd period - Snap shot by Drew Miller.
18:01 of 3rd period - Goal by Drew Miller - Flyers : 3 - Blue Jackets : 4.
18:02 of 3rd period - Peter Mueller wins face-off versus Erik Christensen in neutral zone.
18:05 of 3rd period - Slapshot by Cam Fowler.
18:05 of 3rd period - Deflect By Nathan Beaulieu.
18:05 of 3rd period - Stopped by Steve Mason without a rebound.
18:06 of 3rd period - Erik Christensen wins face-off versus Peter Mueller in Flyers zone.
18:12 of 3rd period - Off-side.
18:13 of 3rd period - Peter Mueller wins face-off versus Erik Christensen in neutral zone.
18:40 of 3rd period - Jeff Carter is hit by Artemi Panarin.
18:44 of 3rd period - Flyers, Steve Mason is pulled from the net.
19:02 of 3rd period - Snap shot by Jeff Carter.
19:02 of 3rd period - Deflect By Tyler Seguin.
19:02 of 3rd period - Shot Misses the Net.
19:02 of 3rd period - Puck is out of play.
19:03 of 3rd period - Pat Quinn call a timeout for Flyers.
19:03 of 3rd period - Jeff Carter wins face-off versus Tyler Seguin in Blue Jackets zone.
19:06 of 3rd period - Snap shot by Jakub Voracek.
19:06 of 3rd period - Stopped by Rick DiPietro with a rebound.
19:18 of 3rd period - Snap shot by Devin Setoguchi.
19:18 of 3rd period - Goal by Devin Setoguchi - Flyers : 3 - Blue Jackets : 5.
19:18 of 3rd period - Steve Mason from Flyers was sent back in the game.
19:19 of 3rd period - Eric Wellwood wins face-off versus Erik Christensen in neutral zone.
19:22 of 3rd period - Jeff Woywitka is hit by Eric Wellwood and loses puck.
Goals for this period are 3 for Flyers vs 2 for Blue Jackets.
Shots for this period are 8 for Flyers vs 13 for Blue Jackets.